[Event "*** Titled Tuesday Blitz"]
[Site "Chess.com"]
[Date "2021.02.02"]
[Round "3"]
[White "HouseOfDurin"]
[Black "ybruned"]
[Result "1-0"]
[WhiteElo "2113"]
[BlackElo "2318"]
[TimeControl "180+1"]
[EndTime "10:32:26 PST"]
[Termination "HouseOfDurin won by resignation"]

1. d4 Nf6 2. Bg5 e6 3. e4 h6 4. Bxf6 Qxf6 5. e5 Qd8 6. f4 d6 7. Nf3 dxe5 8. fxe5 c5 9. Bb5+ Bd7 10. Bxd7+ Qxd7 11. c3 cxd4 12. Qxd4 Qxd4 13. Nxd4 Nd7 14. Nb5 O-O-O 15.
Nxa7+ Kb8 16. Nb5 Nxe5 17. Ke2 Be7 18. Nd2 Nd3 19. Nd4 Nf4+ 20. Kf3 Nd5 21. Rhe1 Nc7 22. Re2 Bf6 23. N2b3 Rd5 24. Rae1 Rhd8 25. a4 e5 26. Nc2 Ne6 27. g3 Ng5+ 28. Kf2 Ne6 29. Kf3 Rd3+ 30. Re3 Rxe3+ 31. Nxe3 Ng5+ 32. Ke2 Ne6 33. Nd2 g6 34.
Ne4 Bg7 35. Rd1 Rxd1 36. Nxd1 f5 37. Nd6 Nc5 38. a5 Nd7 39. b4 Bf8 40. Nf7 e4 41.
Ne3 Nf6 42. Nc4 Nd5 43. Kd2 h5 44. Nfe5 Bh6+ 45. Kc2 f4 46. gxf4 Bxf4 47. Nxg6 Bxh2 48.
Nh4 Bg3 49. Ng2 h4 50. Nce3 Nxe3+ 51. Nxe3 h3 52. Nf1 h2 53. Nxg3 e3 54. Kd3 Kc7 55.
Kxe3 Kc6 56. Nh1 Kb5 57. Kd3 Ka6 58. c4 b6 59. Kd4 Kb7 60. axb6 1-0

[Event "*** Titled Tuesday Blitz"]
[Site "Chess.com"]
[Date "2021.02.02"]
[Round "3"]
[White "sakkikuska"]
[Black "Susik_Gaboyan"]
[Result "0-1"]
[WhiteElo "2438"]
[BlackElo "2297"]
[TimeControl "180+1"]
[EndTime "10:32:29 PST"]
[Termination "Susik_Gaboyan won by resignation"]

1. e4 c5 2. Nf3 Nc6 3. d4 cxd4 4. Nxd4 Nf6 5. Nc3 e5 6. Ndb5 d6 7. Bg5 a6 8. Na3 b5 9. Nd5 Be7 10. Bxf6 Bxf6 11. c3 Bg5 12. Nc2 Ne7 13. Ncb4 O-O 14. a4 bxa4 15. Rxa4 a5 16. Nxe7+ Qxe7 17. Nd5 Qb7 18. b3 Bd7 19. Ra2 Bc6 20. Bc4 Bb5 21. O-O Bxc4 22. bxc4 f5 23. exf5 Rxf5 24. Qg4 Qf7 25.
Rfa1 h6 26. Qe4 Rf8 27. f3 Bd8 28. Rb1 Qg6 29. Rab2 Qg5 30. Qe3 Qg6 31. Qe4 Qg5 32. Qe3 Qh4 33. Rb8 Qxc4 34. Rxd8 Qxd5 35. Rxf8+ Rxf8 36. Qb6 Qc5+ 37. Qxc5 dxc5 38. Rb5 Ra8 39. Rxc5 a4 40.
Rxe5 a3 41. Re1 a2 42. Ra1 Kf7 43. Kf2 Ke6 44. Ke2 Kd5 45. Kd3 Ra3 46. Kc2 Kc4 47.
Kb2 Ra6 48. Rxa2 Rxa2+ 49. Kxa2 Kxc3 50. g4 Kd3 51. f4 Ke4 52. g5 h5 53. Kb2 Kxf4 54.
Kc2 Kxg5 55. Kd2 Kh4 56. Ke2 Kh3 57. Kf2 Kxh2 0-1

[Event "*** Titled Tuesday Blitz"]
[Site "Chess.com"]
[Date "2021.02.02"]
[Round "3"]
[White "XDPS"]
[Black "Sibelephant"]
[Result "0-1"]
[WhiteElo "2713"]
[BlackElo "3053"]
[TimeControl "180+1"]
[EndTime "10:32:30 PST"]
[Termination "Sibelephant won on time"]

1. d4 Nf6 2. Nf3 b6 3. c4 Bb7 4.
e3 e6 5. Bd3 d5 6. cxd5 exd5 7.
O-O Bd6 8. b3 Qe7 9. Bb2 O-O 10.
Ne5 Nbd7 11. f4 c5 12. Nd2 cxd4 13. exd4 Ne4 14. Nxe4 dxe4 15. Bc4 a6 16. a4 Nf6 17.
Qe2 Bb4 18. Kh1 Qd6 19. f5 Bd5 20. Rac1 h6 21. Bxa6 Bxb3 22. Rc6 Qd8 23. Qb5 Bd5 24.
Rxf6 gxf6 25. Ng4 Be7 26. Nxh6+ Kg7 27. Qe2 Rh8 28. Ng4 Qd6 29. Bc1 Qc7 30. Bb5 Bd6 31. h3 e3 32. Kg1 Rac8 33. Bxe3 Qc2 34. Bd2 Qe4 35. Qf2 Qxg4 36. hxg4 Bh2+ 37. Kh1 Bg3+ 38. Kg1 Bxf2+ 39. Rxf2 Rh4 40. g5 fxg5 41. Bxg5 Rxd4 42. Be3 Rd1+ 43. Kh2 Rh8+ 44. Kg3 Rc8 45. Bxb6 Rc3+ 46.
Kf4 f6 47. Be3 Re1 48. Re2 Rxe2 49. Bxe2 Bxg2 50. Bb5 Rb3 51. Bd4 Bh3 52. Bd7 Rb4 53. Ke3 Rb3+ 54. Ke4 Bg2+ 55. Kf4 Rd3 0-1

[Event "*** Titled Tuesday Blitz"]
[Site "Chess.com"]
[Date "2021.02.02"]
[Round "3"]
[White "Kassimov_B"]
[Black "druskacik"]
[Result "0-1"]
[WhiteElo "2407"]
[BlackElo "2609"]
[TimeControl "180+1"]
[EndTime "10:32:30 PST"]
[Termination "druskacik won by resignation"]

1. e4 c5 2. Nf3 Nc6 3. Bb5 g6 4. Bxc6 dxc6 5. d3 Bg7 6. h3 Nf6 7. Nc3 Nd7 8. Be3 e5 9. O-O Qe7 10. Qd2 h6 11. Nh2 Nf8 12. a3 Ne6 13. Ne2 Nd4 14.
Rab1 Be6 15. b4 cxb4 16. axb4 Nxe2+ 17. Qxe2 O-O 18. Bc5 Qd7 19. Bxf8 Bxf8 20. Ng4 Bxg4 21. Qxg4 Qd4 22. b5 h5 23. Qg3 Rc8 24. bxc6 b6 25.
Qe3 Qc3 26. Ra1 Bc5 27. Qe1 Qxc2 28. Rxa7 Rxc6 29. Rd7 Rf6 30. Qb1 Bxf2+ 31. Kh1 Qe2 32. Rc7 Qe3 33. Rc8+ Kg7 34. Rc2 Bh4 35. Rxf6 Bxf6 36.
Rc6 Bg5 37. Rxb6 Bf4 38. Rd6 Qg3 39. Qg1 Be3 40. Qf1 Bf4 41. Qg1 g5 42. Ra6 g4 43.
Ra2 Kh7 44. Rf2 gxh3 45. Rxf4 exf4 46. gxh3 Qxh3+ 47. Qh2 Qf1+ 48. Qg1 Qxd3 49. Qg2 Qg3 50. Qc2 Qf3+ 51. Kh2 Qg3+ 52. Kh1 h4 53. e5+ Qg6 54. Qf2 Qg3 55. Qc2+ Kg7 56. Qf5 f3 57. Qf6+ Kg8 58. Qd8+ Kh7 59. Qd2 h3 60. Qd3+ Kg7 61. Qd2 Qg2+ 0-1

[Event "*** Titled Tuesday Blitz"]
[Site "Chess.com"]
[Date "2021.02.02"]
[Round "3"]
[White "Mops_2004"]
[Black "Fischerev7"]
[Result "1/2-1/2"]
[WhiteElo "2531"]
[BlackElo "2365"]
[TimeControl "180+1"]
[EndTime "10:32:30 PST"]
[Termination "Game drawn by repetition"]

1. Nf3 d5 2. g3 g6 3. Bg2 Bg7 4.
O-O e5 5. d3 Ne7 6. e4 O-O 7.
exd5 Nxd5 8. Re1 Nc6 9. Nc3 Nxc3 10. bxc3 Bg4 11. h3 Be6 12. Rb1 Rb8 13. c4 f6 14. Nd2 Qd7 15. Kh2 Nd4 16. Nb3 Nxb3 17. axb3 c5 18. Be3 b6 19. b4 cxb4 20. Rxb4 f5 21.
f4 Rbd8 22. Qe2 Rfe8 23. fxe5 Bxe5 24. Bg5 Bc3 25. Bxd8 Bxb4 26. Rb1 Bd6 27. Bg5 Bxc4 28. Qf2 Bf7 29. Re1 Bc5 30. Rxe8+ Qxe8 31. d4 Bd6 32.
Bf4 Bf8 33. d5 Qd7 34. d6 Qe6 35. Qd2 Qd7 36. h4 Bg7 37. Bf3 Bf8 38. Qd3 a5 39. c4 a4 40. Bd5 Bg7 41. Qe3 Bxd5 42. cxd5 Bf8 43. Qxb6 a3 44. Qa6 a2 45. Qxa2 Bxd6 46. Qa8+ Bf8 47. Bh6 Qe7 48. d6 Qxd6 49. Qa2+ Kh8 50.
Qb2+ Kg8 51. Qb3+ Kh8 52. Qc3+ Kg8 53. Qc4+ Kh8 54. Qc3+ Kg8 55. Qb3+ Kh8 56. Qb2+ Kg8 57. Qa2+ Kh8 58. Qa8 Kg8 59. Qa2+ 1/2-1/2

[Event "*** Titled Tuesday Blitz"]
[Site "Chess.com"]
[Date "2021.02.02"]
[Round "3"]
[White "Carnivoras"]
[Black "Zmof"]
[Result "0-1"]
[WhiteElo "2598"]
[BlackElo "2123"]
[TimeControl "180+1"]
[EndTime "10:32:31 PST"]
[Termination "Zmof won on time"]

1. d4 Nf6 2. c4 e6 3. Nc3 Bb4 4. g3 d5 5. Bg2 O-O 6. Nf3 Ne4 7. Qc2 c5 8. O-O cxd4 9. Nxe4 dxe4 10. Qxe4 Nc6 11.
a3 Be7 12. b4 f5 13. Qc2 Bf6 14. Bb2 e5 15. Rfd1 Qe7 16. Rac1 Be6 17. Nd2 Rac8 18.
Nb3 b6 19. e3 dxe3 20. fxe3 e4 21. Bxf6 Qxf6 22. Nd4 Ne5 23. Bf1 Rfd8 24. Nxe6 Qxe6 25.
Rxd8+ Rxd8 26. Rd1 Rxd1 27. Qxd1 h6 28. Qd8+ Kh7 29.
Qd5 Nf3+ 30. Kg2 Qf6 31. Be2 Ne5 32. c5 bxc5 33. bxc5 h5 34. Qd6 Qxd6 35. cxd6 Nf7 36. d7 g6 37. Bc4 Nd8 38. h3 Kg7 39. g4 hxg4 40. hxg4 Kf6 41. Kg3 Ke7 42. Bb5 Ne6 43. gxf5 gxf5 44. Kh4 f4 45. exf4 Nxf4 46. Kg4 Ne6 47.
Bc6 e3 48. Bb5 Nd4 49. Bd3 e2 50. Bxe2 Nxe2 51. Kf3 Nd4+ 52. Ke4 Nc6 53. Kd5 Kxd7 54. Kc5 Kc7 55. Kb5 Kb7 56. Kc5 a6 57. Kc4 Kb6 58. Kb3 Ka5 59. Kc3 Ka4 60. Kb2 a5 61. Ka2 Nd4 0-1

[Event "*** Titled Tuesday Blitz"]
[Site "Chess.com"]
[Date "2021.02.02"]
[Round "3"]
[White "yobdc"]
[Black "scabies1"]
[Result "1-0"]
[WhiteElo "2522"]
[BlackElo "2332"]
[TimeControl "180+1"]
[EndTime "10:32:32 PST"]
[Termination "yobdc won on time"]

1. e4 c5 2. Nf3 d6 3. d4 cxd4 4. Nxd4 Nf6 5. Nc3 a6 6. Qd3 Nc6 7. Nxc6 bxc6 8. Be2 e5 9. Bg5 Be7 10. O-O-O a5 11. Kb1 Rb8 12. Qc4 Qb6 13. Na4 Qc7 14. f3 Rb4 15. Qc3 Rxa4 16. Bb5 Rb4 17. Bxc6+ Bd7 18. a3 Rb8 19. Bxd7+ Qxd7 20. h4 O-O 21. Qxa5 Rb5 22. Qc3 Rc8 23. Qd3 Qb7 24. b3 Rbc5 25. Rd2 Rc3 26. Qe2 d5 27. exd5 Nxd5 28. Qxe5 R3c5 29.
Kb2 Bf6 30. Bxf6 Nxf6 31. Qd4 h6 32. Rhd1 Qc7 33. c4 Re5 34. Qc3 Re6 35. g4 Rce8 36.
g5 hxg5 37. hxg5 Nh5 38. Rd7 Qc6 39. R1d2 Nf4 40. Rd8 Qc7 41. Rxe8+ Rxe8 42. a4 Ne6 43. a5 Nc5 44. Rd5 Rb8 45. b4 Na4+ 46. Kb3 Nxc3 47. Kxc3 Qf4 48. b5 Qxf3+ 49. Kb4 Qf1 50. a6 Qe1+ 51.
Kc5 Qe3+ 52. Kb4 Rc8 53. Rd7 Qe1+ 54. Kb3 Qb1+ 55. Kc3 Qc1+ 56. Kb4 Qxc4+ 57. Ka5 Qc3+ 58. Kb6 Qc5+ 59. Kb7 Re8 60. b6 Re6 61. Rd8+ 1-0

[Event "*** Titled Tuesday Blitz"]
[Site "Chess.com"]
[Date "2021.02.02"]
[Round "3"]
[White "Forantes"]
[Black "GiorgianBarbosa"]
[Result "1-0"]
[WhiteElo "2285"]
[BlackElo "2490"]
[TimeControl "180+1"]
[EndTime "10:32:32 PST"]
[Termination "Forantes won on time"]

1. e4 c6 2. Nc3 d5 3. Nf3 dxe4 4. Nxe4 Nf6 5. Ng3 Bg4 6. h3 Bxf3 7. Qxf3 g6 8. c3 Bg7 9. d4 O-O 10. Bd3 Nbd7 11.
O-O e5 12. Bg5 exd4 13. cxd4 c5 14. Qxb7 cxd4 15. b3 Nc5 16. Qb5 Nxd3 17. Qxd3 h6 18. Bd2 Nd5 19. Rac1 Nc3 20. Rc2 Rc8 21. Rfc1 Qc7 22.
Bxc3 dxc3 23. Ne4 Rfd8 24. Qf3 Re8 25. Nf6+ Bxf6 26. Qxf6 Re6 27. Qxc3 Qxc3 28. Rxc3 Rxc3 29. Rxc3 Re1+ 30. Kh2 Re2 31. a4 Rxf2 32. Rc7 Rb2 33. Rb7 a5 34. Kg3 h5 35. h4 Kg7 36.
Rb6 Kf8 37. Kf3 Kg7 38. g3 Rc2 39. Rb5 Rc3+ 40. Kf4 Rd3 41. Rxa5 Rxb3 42. Rb5 Ra3 43. a5 Ra4+ 44. Ke5 Ra3 45. Kd6 Rxg3 46. Kc6 Rg4 47.
a6 Ra4 48. Kb7 f5 49. a7 Kf6 50. a8=Q Rxa8 51. Kxa8 f4 52. Rg5 f3 53. Rg3 Kf5 54.
Rxf3+ Kg4 55. Rf6 Kxh4 56. Rxg6 Kh3 57. Kb7 h4 58. Kc6 Kh2 59. Kd5 h3 60. Ke4 Kh1 61.
Kf3 1-0

[Event "*** Titled Tuesday Blitz"]
[Site "Chess.com"]
[Date "2021.02.02"]
[Round "3"]
[White "Maghalashvili"]
[Black "dropstoneDP"]
[Result "0-1"]
[WhiteElo "2688"]
[BlackElo "2962"]
[TimeControl "180+1"]
[EndTime "10:32:33 PST"]
[Termination "dropstoneDP won by resignation"]

1. Nf3 f5 2. g3 Nh6 3. Bg2 Nf7 4. O-O e5 5. c4 g6 6. Nc3 Bg7 7. d3 a5 8. e4 d6 9. exf5 gxf5 10. Nh4 Nc6 11. Qh5 Nd4 12. Be3 O-O 13. Bh3 f4 14. Bxc8 fxe3 15. fxe3 Rxc8 16. exd4 Qg5 17. Qxg5 Nxg5 18.
Nd5 Kh8 19. Nf5 exd4 20. Nxg7 Kxg7 21. Rxf8 Kxf8 22. Kg2 c6 23. Rf1+ Kg7 24. Ne7 Re8 25. Nf5+ Kg6 26. Nxd6 Re3 27. h4 Ne6 28. Ne4 Kg7 29.
Rf3 Re2+ 30. Rf2 Re3 31. Rd2 a4 32. b4 a3 33. Kf2 b6 34. c5 bxc5 35. bxc5 h5 36. Kg2 Kg6 37. Kf2 Kf5 38. Kg2 Ke5 39.
Kf2 Ng7 40. Kg2 Nf5 41. Kf2 Ne7 42. Kg2 Nd5 43. Kf2 Nb4 44. Kg2 Rxd3 45. Rxd3 Nxd3 46.
Nd2 Nb4 47. Nc4+ Ke4 48. Nxa3 Ke3 49. g4 d3 50. Nb1 hxg4 51. h5 Nd5 52. h6 Nf6 53. a4 Kd4 54. Nd2 Kxc5 55. Ne4+ Nxe4 56. h7 d2 57. h8=Q d1=Q 58. Qf8+ Qd6 59. Qf4 Qxf4 0-1

[Event "*** Titled Tuesday Blitz"]
[Site "Chess.com"]
[Date "2021.02.02"]
[Round "3"]
[White "Eternauta2400"]
[Black "kidagent"]
[Result "0-1"]
[WhiteElo "2474"]
[BlackElo "2272"]
[TimeControl "180+1"]
[EndTime "10:32:33 PST"]
[Termination "kidagent won on time"]

1. c4 c6 2. d4 d5 3. Nc3 dxc4 4. e3 b5 5. a4 b4 6. Ne4 Bf5 7. Nc5 e5 8. Bxc4 Bxc5 9. dxc5 Qxd1+ 10. Kxd1 Nd7 11.
Nf3 f6 12. Bd2 a5 13. Rc1 Ne7 14. Bb3 O-O-O 15. Ke2 g5 16. h3 h5 17. Nh2 Kc7 18. f3 e4 19. fxe4 Bxe4 20. Nf3 g4 21. Nh4 Ne5 22. Bc2 f5 23. Be1 Rd5 24. Bg3 Kb7 25.
Bxe4 fxe4 26. Rhd1 Nd3 27. Rc4 gxh3 28. Rxe4 Nxc5 29.
Rxe7+ Kb6 30. Bc7+ Ka6 31. Rxd5 cxd5 32. Bd6 Nxa4 33.
Ng6 hxg2 34. Bh2 Rg8 35. Re6+ Kb5 36. Bg1 Nxb2 37. Ne5 Nc4 38. Nxc4 dxc4 39. Re5+ Ka4 40. Rxh5 b3 41. Kd2 Rd8+ 42. Kc3 Rd3+ 43. Kb2 Kb4 44. e4 a4 45. Bc5+ Kb5 46. Bg1+ Kc6 47. Bf2 Rd2+ 48. Kc3 Rxf2 49. Rh6+ Kd7 50. Kxc4 b2 51. Kd5 g1=Q 52. Rh7+ Ke8 53. Rh8+ Kf7 54. Rh7+ Kg6 55. Re7 Qd1+ 56. Ke5 b1=Q 57. Re6+ Kg5 0-1

[Event "*** Titled Tuesday Blitz"]
[Site "Chess.com"]
[Date "2021.02.02"]
[Round "3"]
[White "Genghis_K"]
[Black "JTCoach"]
[Result "1-0"]
[WhiteElo "2930"]
[BlackElo "2679"]
[TimeControl "180+1"]
[EndTime "10:32:36 PST"]
[Termination "Genghis_K won by resignation"]

1. e4 c5 2. Nf3 Nc6 3. d4 cxd4 4. Nxd4 e5 5. Nb5 d6 6. N1c3 a6 7. Na3 Be6 8. Nc4 Rb8 9. a3 Nf6 10. Bg5 Rc8 11. Bxf6 Qxf6 12. Nb6 Rb8 13. Ncd5 Qd8 14. Bd3 Be7 15. O-O O-O 16. c3 Bg5 17. b4 Kh8 18. a4 Ne7 19. Bc4 f5 20. Nxe7 Qxe7 21. Bxe6 Qxe6 22. Qd3 fxe4 23. Qxe4 Rf4 24. Qd5 Qf5 25. Nc4 Be7 26. Nxd6 Bxd6 27. Qxd6 Rf8 28. Qd2 Rg4 29. Qe3 Qg6 30. g3 Re4 31. Qd3 h6 32. a5 Qf5 33.
f3 Rf4 34. Qxf5 R4xf5 35. Kg2 Rc8 36. Rac1 Rf6 37. Rfe1 Rfc6 38. Re3 Kg8 39. Kf2 Kf7 40. Ke2 Kf6 41. Kd2 h5 42. Rce1 h4 43. gxh4 Rh8 44.
Re4 Rh6 45. Rg1 Rh5 46. Kc2 Rf5 47. Rg3 Rd6 48. Reg4 Rf4 49. Rg6+ Ke7 50. Rxg7+ Kd8 51. Rxb7 Rf8 52. Rgg7 Kc8 53. Ra7 Kb8 54. h5 e4 55.
fxe4 Rf2+ 56. Kb3 Rdd2 57. Rgb7+ Kc8 58. Rf7 Rb2+ 59. Kc4 Kb8 60. Rab7+ Ka8 61. Ra7+ Kb8 62. Rxf2 Rxf2 63. Rxa6 1-0

[Event "*** Titled Tuesday Blitz"]
[Site "Chess.com"]
[Date "2021.02.02"]
[Round "3"]
[White "esapunov"]
[Black "ElGasanov"]
[Result "0-1"]
[WhiteElo "2602"]
[BlackElo "2820"]
[TimeControl "180+1"]
[EndTime "10:32:36 PST"]
[Termination "ElGasanov won by resignation"]

1. c4 e6 2. Nf3 d5 3. d4 Nf6 4. Nc3 c6 5. Bg5 h6 6. Bxf6 Qxf6 7. e3 g6 8. Bd3 Bg7 9. O-O Nd7 10. e4 dxc4 11.
e5 Qe7 12. Bxc4 O-O 13. Re1 b5 14. Bd3 b4 15. Ne4 c5 16. Nxc5 Nxc5 17. dxc5 Qxc5 18. Be4 Rb8 19. Qe2 Bb7 20. Rac1 Qa5 21. Bxb7 Rxb7 22. b3 Rd8 23. h4 Rbd7 24. Rc2 Rd5 25. g3 Qb5 26.
Qe4 Rd1 27. Rc1 R1d5 28. Kg2 a5 29. Rc7 R8d7 30. Rxd7 Rxd7 31. Rc1 Qd5 32. Qf4 Qd3 33. Rc4 Bf8 34. Nh2 Qd5+ 35. Re4 Bg7 36. Ng4 h5 37. Nf6+ Bxf6 38. exf6 Qa8 39. Kh2 Rd5 40. Rc4 Rf5 41. Qd4 e5 42. Qb6 Qf3 43. Kg1 Qd1+ 44. Kg2 Qd5+ 45. Kg1 Qd1+ 46. Kg2 Qf3+ 47.
Kg1 Rxf6 48. Qc5 Kg7 49. Rc1 e4 50. Re1 Kh7 51. Qd4 Re6 52. Re3 Qf5 53. Re1 Re5 54. Rc1 Rd5 55. Qe3 Rd3 56. Qe2 e3 57. Rf1 exf2+ 58. Qxf2 Qxf2+ 59. Rxf2 Rxg3+ 60. Kh2 Rg4 61. Rxf7+ Kg8 62. Ra7 Rxh4+ 63. Kg3 Rg4+ 64. Kf3 Rg5 65. Kf4 Rf5+ 66. Ke4 h4 67. Rd7 Rh5 68. Kf4 h3 0-1

[Event "*** Titled Tuesday Blitz"]
[Site "Chess.com"]
[Date "2021.02.02"]
[Round "3"]
[White "TimofeevAr"]
[Black "FGHSMN"]
[Result "1-0"]
[WhiteElo "2861"]
[BlackElo "2629"]
[TimeControl "180+1"]
[EndTime "10:32:37 PST"]
[Termination "TimofeevAr won on time"]

1. c4 Nf6 2. Nc3 e5 3. e3 Nc6 4.
d3 g6 5. Nf3 Bg7 6. Be2 O-O 7.
O-O d5 8. cxd5 Nxd5 9. Bd2 Be6 10. a3 Qd7 11. Rc1 h6 12. Ne4 b6 13. Qc2 Nce7 14.
b4 Rac8 15. d4 f5 16. Nc3 e4 17.
Ne5 Bxe5 18. dxe5 c5 19. bxc5 Rxc5 20. Qb2 Rfc8 21. Nb5 Nc6 22. Rxc5 bxc5 23. Rc1 a6 24. Nd6 Rb8 25. Qa1 Qg7 26. Nc4 Nde7 27. Bc3 Kh7 28. Nd6 Nd5 29. Nc4 Nxc3 30. Qxc3 Bxc4 31. Qxc4 Qxe5 32.
Qxa6 Ne7 33. g3 Rc8 34. Bc4 Rc7 35.
a4 g5 36. Re1 f4 37. exf4 gxf4 38. Rxe4 Qa1+ 39. Bf1 Ng6 40. Re6 Rg7 41. Qc6 fxg3 42.
hxg3 Qd4 43. Qe4 Qxe4 44. Rxe4 Ra7 45. Rc4 Ne7 46. Bg2 Kg7 47. f4 Kf6 48. Kf2 Nf5 49.
Bc6 Rg7 50. a5 Nxg3 51. a6 Nf5 52. Bb7 Nd6 53. a7 Rg8 54. Bd5 Nxc4 55. Bxg8 Nb6 56. Bd5 h5 57. Kf3 Kf5 58. Be4+ Kf6 59. a8=Q Nxa8 60. Bxa8 c4 61. Be4 c3 62. Kg3 1-0

[Event "*** Titled Tuesday Blitz"]
[Site "Chess.com"]
[Date "2021.02.02"]
[Round "3"]
[White "Bulldog167"]
[Black "scarabee43"]
[Result "1-0"]
[WhiteElo "2810"]
[BlackElo "2591"]
[TimeControl "180+1"]
[EndTime "10:32:37 PST"]
[Termination "Bulldog167 won by resignation"]

1. d4 Nf6 2. c4 e6 3. g3 d5 4.
Bg2 Be7 5. Nf3 O-O 6. Nc3 b6 7. cxd5 exd5 8. O-O Bb7 9. Bg5 Nbd7 10. Ne5 h6 11. Bxf6 Nxf6 12. Qa4 Bd6 13. Rfd1 Qe8 14. Qxe8 Rfxe8 15. f4 c5 16. dxc5 Bxc5+ 17. Kh1 Rad8 18. Nb5 a6 19. Nd4 Nd7 20. Nxd7 Rxd7 21. Bf3 Kf8 22. Rac1 Rc8 23. Bg4 Rdc7 24. Bxc8 Rxc8 25. Kg2 g6 26. Kf3 Ke7 27. b4 Bd6 28. Rxc8 Bxc8 29. a3 a5 30.
bxa5 bxa5 31. a4 Bd7 32. Nb5 Bb4 33. e3 h5 34. Kf2 Bc6 35. Rc1 Kd7 36. h3 f5 37. Ke2 Be7 38. Kd3 Bf6 39. Rc2 Bg7 40. Rc1 Bf6 41. Rg1 Ke7 42. g4 Bd7 43. gxh5 gxh5 44.
Rg8 Be8 45. Nc7 Bxa4 46. Nxd5+ Kf7 47. Nxf6 Kxf6 48. Ra8 Bb5+ 49. Kd4 a4 50. Ra5 Bd7 51. h4 Ke6 52. Ra6+ Ke7 53. Ke5 Kd8 54. Kd6 Kc8 55.
Ra7 Bb5 56. Ra5 Bd7 57. Rc5+ Kd8 58. Rc7 Bb5 59. Rb7 Ba6 60. Rb8+ Bc8 61. Ra8 a3 62. Rxa3 Bb7 63. Ra5 Be4 64. Ke6 Ke8 65. Rxf5 Bxf5+ 66. Kxf5 1-0

[Event "*** Titled Tuesday Blitz"]
[Site "Chess.com"]
[Date "2021.02.02"]
[Round "3"]
[White "GregShahade"]
[Black "TokChess"]
[Result "0-1"]
[WhiteElo "2666"]
[BlackElo "2470"]
[TimeControl "180+1"]
[EndTime "10:32:42 PST"]
[Termination "TokChess won by resignation"]

1. e4 c5 2. Nf3 d6 3. d4 cxd4 4. Nxd4 Nf6 5. Nc3 g6 6. Be3 Bg7 7. f3 Nc6 8. Qd2 Nxd4 9. Bxd4 O-O 10. O-O-O Be6 11. Kb1 Qc7 12. h4 Rfc8 13. h5 Qa5 14. hxg6 hxg6 15. a3 Rab8 16. Bd3 b5 17. Qg5 Qc7 18. Nd5 Bxd5 19. exd5 b4 20. a4 b3 21. c3 Qa5 22. Kc1 Qxa4 23. Kd2 Rc5 24. Ra1 Qd7 25.
Bxc5 dxc5 26. c4 e6 27. dxe6 Qxe6 28. Qe3 Qd6 29. Rhe1 Rd8 30. Rad1 Qa6 31. Ke2 Re8 32. Be4 Nxe4 33. fxe4 Qxc4+ 34. Kf3 Bxb2 35. Rb1 Bd4 36. Qxb3 Qa6 37. Qb5 Qf6+ 38. Ke2 Rxe4+ 39. Kd1 Rxe1+ 40. Kxe1 Qf2+ 41. Kd1 Qg1+ 42. Kc2 Qxg2+ 43. Kd3 Qf3+ 44.
Kc4 Qc3+ 45. Kd5 Kg7 46. Rf1 Qc2 47. Kc6 Qg2+ 48. Kc7 Qe4 49. Qd7 Be5+ 50. Kd8 Bf6+ 51. Kc7 Qe5+ 52. Kc6 c4 53. Qd6 Qxd6+ 54. Kxd6 c3 55.
Rc1 g5 56. Kd5 Kg6 57. Ke4 Bh8 58. Rc2 f5+ 59. Kf3 Be5 60. Re2 g4+ 61. Kg2 Kf6 62. Ra2 f4 63. Ra6+ Kf5 64. Rc6 f3+ 65. Kf2 Ke4 66. Rc4+ Bd4+ 67. Kg3 Kd3 68. Rc8 f2 69. Kg2 c2 70. Rc6 Bc3 71. Rd6+ Ke4 72. Re6+ Kd5 73. Re8 c1=Q 74. Rd8+ Kc6 75. Rc8+ Kb7 76.
Rf8 f1=Q+ 77. Rxf1 Qxf1+ 78. Kxf1 a5 79. Kg2 a4 80. Kg3 a3 0-1

[Event "*** Titled Tuesday Blitz"]
[Site "Chess.com"]
[Date "2021.02.02"]
[Round "3"]
[White "BrandonJacobson"]
[Black "Orest_Vovk"]
[Result "1/2-1/2"]
[WhiteElo "2840"]
[BlackElo "2469"]
[TimeControl "180+1"]
[EndTime "10:32:51 PST"]
[Termination "Game drawn - insufficient material"]

1. d4 e5 2. c4 exd4 3. Nf3 Nc6 4.
Nxd4 Nxd4 5. Qxd4 Qf6 6. Qxf6 Nxf6 7. Nc3 Bb4 8. Bd2 O-O 9. Nb5 Bxd2+ 10. Kxd2 c6 11.
Nd6 Ne8 12. Nxe8 Rxe8 13. Rd1 d5 14. cxd5 cxd5 15. e3 Be6 16. a3 d4 17. exd4 Rad8 18. Kc1 Bf5 19. Bd3 Bxd3 20. Rxd3 Re2 21. Rf1 Rc8+ 22. Rc3 Rxc3+ 23. bxc3 Ra2 24. Re1 Kf8 25. d5 Rxf2 26. d6 Ra2 27. Kb1 Rd2 28. Re4 Rxd6 29. Kc2 b6 30. a4 a5 31. Rc4 Rd7 32. Rc8+ Ke7 33. c4 Rb7 34. Kd3 Kd7 35. Rg8 g6 36. Rg7 Ke6 37. Rxh7 Rd7+ 38. Kc3 Rd1 39. Rh8 Ra1 40.
Kb3 Rb1+ 41. Kc3 Rc1+ 42. Kd3 Ra1 43. Rb8 Rxa4 44. Kd4 Ra2 45. Rxb6+ Ke7 46. Rb7+ Ke6 47. g4 Rxh2 48. Rb6+ Ke7 49. c5 Rh4 50. Kd5 Rxg4 51.
Rb7+ Kf6 52. c6 Rg5+ 53. Kd6 Rg1 54. Rb5 Rc1 55. Rc5 Rd1+ 56. Kc7 Re1 57. Kb7 Re7+ 58. c7 g5 59. Kb8 Rxc7 60. Kxc7 g4 61. Kd6 a4 62. Ra5 g3 63. Rxa4 Kf5 64. Kd5 g2 65. Ra1 Kf4 66. Kd4 Kf3 67. Ke5 Kf2 68. Kf4 g1=Q 69.
Ra2+ Kf1 70. Ra1+ Kg2 71. Rxg1+ Kxg1 72. Kf5 Kf2 73. Kf6 Kf3 74. Kxf7 1/2-1/2

[Event "*** Titled Tuesday Blitz"]
[Site "Chess.com"]
[Date "2021.02.02"]
[Round "3"]
[White "DanilNajdin"]
[Black "Lukianoo"]
[Result "1/2-1/2"]
[WhiteElo "2459"]
[BlackElo "2765"]
[TimeControl "180+1"]
[EndTime "10:32:52 PST"]
[Termination "Game drawn by repetition"]

1. e4 c6 2. d4 d5 3. exd5 cxd5 4. Bd3 Nc6 5. c3 g6 6. Bf4 Bf5 7. Bxf5 gxf5 8. Nf3 Nf6 9. Nbd2 Rg8 10. O-O e6 11.
Ne5 Nxe5 12. Bxe5 Ng4 13. Nf3 f6 14. Bf4 Kf7 15. Qd2 Bd6 16. Bxd6 Qxd6 17. h3 h5 18.
hxg4 hxg4 19. Nh4 Rh8 20. g3 f4 21. Kg2 f3+ 22. Nxf3 gxf3+ 23. Kxf3 Rh2 24. Rh1 Rah8 25. Rxh2 Rxh2 26. Re1 e5 27. dxe5 fxe5 28. Qg5 e4+ 29.
Ke2 Qa6+ 30. Kd1 Qd3+ 31. Qd2 Qxd2+ 32. Kxd2 Rxf2+ 33. Re2 Rf3 34. c4 Rd3+ 35. Kc2 Ke6 36. cxd5+ Ke5 37. Rd2 Rxg3 38. d6 Rg8 39. d7 Rd8 40. Kc3 e3 41. Rd1 Ke4 42. Rd6 Ke5 43. Rd3 Ke4 44. Rd6 b5 45. b4 a6 46. a3 Ke5 47. Rd3 Ke4 48. Rd6 Kf4 49. Kd3 Ke5 50.
Rd4 e2 51. Re4+ Kd5 52. Rxe2 Rxd7 53. Kc3 Rf7 54. Rd2+ Kc6 55. Rd3 Rf4 56. Kb3 Re4 57. Rc3+ Kd5 58. Rc5+ Kd4 59. Rc6 Re3+ 60. Kb2 Re2+ 61.
Kb3 Re3+ 62. Kb2 Re2+ 63. Kb3 Kd5 64. Rxa6 Re3+ 65. Kb2 Re2+ 66. Kb3 Re3+ 67. Kb2 Re2+ 68. Kb3 1/2-1/2

[Event "*** Titled Tuesday Blitz"]
[Site "Chess.com"]
[Date "2021.02.02"]
[Round "3"]
[White "OK97"]
[Black "Machidon"]
[Result "1/2-1/2"]
[WhiteElo "2780"]
[BlackElo "2540"]
[TimeControl "180+1"]
[EndTime "10:32:53 PST"]
[Termination "Game drawn by repetition"]

1. d4 Nf6 2. c4 e6 3. Nc3 Bb4 4. f3 d5 5. a3 Bxc3+ 6. bxc3 c5 7. cxd5 Nxd5 8. dxc5 Qa5 9. e4 Ne7 10. Be3 e5 11.
Qb3 Nec6 12. Bc4 O-O 13. Ne2 Nd7 14. Qb5 Qc7 15. O-O a6 16. Qb2 Na5 17. Bd5 Rb8 18. c4 Nxc5 19. Kh1 Be6 20. Bxe6 fxe6 21. Qb4 b6 22.
Rad1 Rfd8 23. h3 Nd3 24. Qb1 Qxc4 25. Bg5 Rd6 26. Ng3 Qb3 27. Qxb3 Nxb3 28. Kh2 h6 29. Be3 Rbd8 30. Rb1 Nbc5 31. Rfd1 b5 32. Ne2 Na4 33. Rd2 Kf7 34. Rbd1 Ke7 35. Kg1 Ndb2 36. Rxd6 Rxd6 37. Rc1 Nc4 38. Bf2 Rd2 39. Ng3 Nab2 40. Be1 Rd3 41.
Bc3 Rd1+ 42. Rxd1 Nxd1 43. Bb4+ Kd7 44. Nh5 g6 45. Nf6+ Kc6 46. Ng8 a5 47. Bf8 h5 48.
Ne7+ Kd7 49. Nxg6 Ke8 50. Bc5 Nc3 51. Kh2 Nb1 52. g4 hxg4 53. fxg4 Kf7 54. Ne7 Nbxa3 55. Nc6 b4 56. Nxa5 Nxa5 57. Bxb4 N3c4 58. h4 Nc6 59.
Bc5 Nd4 60. h5 Nf3+ 61. Kg3 Ng5 62. Kh4 Nxe4 63. Bb4 Ne3 64. g5 Nf5+ 65. Kg4 Kg7 66. g6 Nf6+ 67. Kg5 Ne4+ 68. Kg4 Nf6+ 69. Kg5 Ne4+ 70.
Kg4 1/2-1/2

[Event "*** Titled Tuesday Blitz"]
[Site "Chess.com"]
[Date "2021.02.02"]
[Round "3"]
[White "banane_verte"]
[Black "Fighterman91"]
[Result "1/2-1/2"]
[WhiteElo "2435"]
[BlackElo "2654"]
[TimeControl "180+1"]
[EndTime "10:32:54 PST"]
[Termination "Game drawn - insufficient material"]

1. e4 c6 2. d4 d5 3. Nc3 dxe4 4. Nxe4 Nf6 5. Nxf6+ exf6 6. c3 Bd6 7. Bd3 O-O 8.
Qc2 Re8+ 9. Ne2 h5 10. Be3 Nd7 11. O-O Nf8 12. c4 Be6 13. Rad1 h4 14. h3 Rc8 15. Nf4 Bd7 16. Rfe1 Qc7 17. Ne2 Ne6 18. Bf5 g6 19. Bxg6 fxg6 20. Qxg6+ Ng7 21. Qxf6 Be7 22. Qh6 Qd6 23. Qxd6 Bxd6 24. Bg5 Nf5 25. Nc3 Rxe1+ 26. Rxe1 Re8 27. Rxe8+ Bxe8 28. d5 cxd5 29. Nxd5 Bf7 30. Nf6+ Kg7 31. Ne4 Be5 32. b3 Kg6 33.
f4 Bd4+ 34. Kf1 Be8 35. Ke2 Bc6 36. Nd2 Bf6 37. Bxf6 Kxf6 38. Kf2 Nd4 39. g3 hxg3+ 40. Kxg3 Ne2+ 41. Kg4 Bd7+ 42. Kf3 Nc1 43. a3 Bxh3 44. Ke4 Bf5+ 45. Kd4 Ne2+ 46. Kc5 Nxf4 47. Kd6 Ne6 48. Kd7 Ke5 49. Kc8 Nc5+ 50. Kb8 a5 51. b4 axb4 52. axb4 Na6+ 53. Kxb7 Nxb4 54. c5 Kd5 55. Kb6 Bd7 56. Nf1 Kd4 57. Ng3 Ke5 58. Nf1 Nd5+ 59.
Kb7 Bb5 60. Nd2 Kd4 61. c6 Kc5 62. c7 Bc6+ 63. Kb8 Nxc7 64. Kxc7 1/2-1/2